 Dungeon Crawl Stone Soup version 0.27-a0-1196-g3e9cee4cb2 (webtiles) character file.

Game seed: 10945539451972886246

2359 robertstho the Thaumaturge (level 9, -23/62 HPs)
             Began as a Djinni Fire Elementalist on May 28, 2021.
             Was a Follower of Makhleb.
             Killed by the air
             ... invoked by Gastronok
              (33 damage)
             ... on level 8 of the Dungeon.
             The game lasted 00:11:02 (9033 turns).

robertstho the Thaumaturge (DjFE)                   Turns: 9033, Time: 00:11:02

Health: -23/62     AC:  5    Str:  7    XL:     9   Next: 72%
Gold:   427        EV: 12    Int: 21    God:    Makhleb [*.....] SH:  0 Dex: 13

rFire    + + +     SeeInvis .   e - +2 short sword (venom)
rCold    . . .     Faith    .   (no shield)
rNeg     . . .     Spirit   .   y - +1 robe {Will+}
rPois    ∞         Reflect  .   o - +0 helmet
rElec    +         Harm     .   i - +0 cloak
rCorr    +         Rampage  .   (no gloves)
Will     +....                  (boots unavailable)
Stlth    ++........             (no amulet)
HPRegen  0.20/turn              (no ring)
MPRegen  0.00/turn              (no ring)

@: resistant, flying
A: sickness immunity, fire resistance 2, cold vulnerability 1, float, innate
caster, hp casting, extra vitality 1
a: Renounce Religion


You were on level 8 of the Dungeon.
You worshipped Makhleb.
Makhleb was aware of your devotion.
You visited 2 branches of the dungeon, and saw 9 of its levels.

You collected 427 gold pieces.

Inventory:

Hand Weapons
 c - a +0 dagger
 e - a +2 short sword of venom (weapon)
 l - a +0 broad axe
Armour
 i - a +0 cloak (worn)
 o - a +0 helmet (worn)
 y - a +1 robe of willpower (worn)
Jewellery
 g - a ring of flight
 h - an amulet of reflection
Wands
 a - a wand of paralysis (7)
 C - a wand of flame (38)
 D - a wand of polymorph (10)
 E - a wand of digging (6)
 G - a wand of acid (10)
Scrolls
 f - 2 scrolls of magic mapping {unknown}
 j - 2 scrolls of immolation {unknown}
 m - 3 scrolls of vulnerability {unknown}
 n - a scroll of holy word {unknown}
 p - a scroll of summoning {unknown}
 r - a scroll of enchant weapon {unknown}
 s - 2 scrolls of teleportation {unknown}
 t - 2 scrolls of noise {unknown}
 w - 2 scrolls of identify {unknown}
 z - a scroll of brand weapon {unknown}
 B - a scroll of blinking {unknown}
 F - a scroll of enchant armour {unknown}
 H - a scroll of amnesia {unknown}
 I - a scroll of fog {unknown}
Potions
 b - 4 potions of curing {unknown}
 d - 2 potions of heal wounds {unknown}
 k - 3 potions of lignification {unknown}
 q - a potion of berserk rage {unknown}
 u - 4 potions of attraction {unknown}
 v - a potion of mutation {unknown}
 A - 2 potions of might {unknown}


   Skills:
 * Level 3.7 Fighting
 + Level 2.7 Dodging
 + Level 2.7 Stealth
 * Level 8.7 Spellcasting
 * Level 3.1 Invocations


You couldn't memorise any spells.
You knew the following spells:

 Your Spells              Type           Power      Damage    Failure   Level
a - Foxfire               Conj/Fire      100%       2x1d9     1%          1
b - Conjure Flame         Conj/Fire      45%        6-21      1%          3
c - Inner Flame           Hex/Fire       45%        N/A       1%          3
d - Sticky Flame          Conj/Fire      45%        2d6       1%          4
e - Fireball              Conj/Fire      22%        3d10      6%          5
f - Summon Small Mammal   Summ           100%       N/A       1%          1
g - Ensorcelled Hibernat  Hex/Ice        90%        N/A       1%          2
h - Blink                 Tloc           N/A        N/A       1%          2
i - Leda's Liquefaction   Hex/Erth       22%        N/A       1%          4
Your spell library was empty.

Dungeon Overview and Level Annotations

Branches:
Dungeon (8/15)             Temple (1/1) D:4
   Lair: D:8-11

Altars:
Ashenzari
Cheibriados
Dithmenos
Gozag
Kikubaaqudgha
Makhleb
Okawaru
Qazlal
Ru
Sif Muna
Trog
Wu Jian
The Shining One

Annotations:
D:8 Gastronok, Harold


Innate Abilities, Weirdness & Mutations

You are immune to sickness and miasma.
You are immune to poison.
Your flesh is very heat resistant. (rF++)
You are vulnerable to cold. (rC-)
You float through the air rather than walking.
You learn spells naturally, not from books.
Your magical power is your life essence.
You have superior vitality. (+4 HP)


Message History

The sticky flame hits the killer bee.
The killer bee is almost dead.
The killer bee is covered in liquid flames!
The killer bee burns!
You kill the killer bee!
Makhleb accepts your kill.
The killer bee burns!
The killer bee stings you.
The killer bee stings you but does no damage.
The killer bee stings you.
The killer bee burns!
You kill the killer bee!
Makhleb accepts your kill. The killer bee misses you.
Gastronok waves his eye-stalks in wide circles.
The air twists around and strikes you!! The killer bee completely misses you.
Your Invocations skill increases to level 3!
Casting: Sticky Flame (dangerous; 1% risk of failure)
Confirm with . or Enter, or press ? or * to list all spells.
Aiming: Sticky Flame (dangerous; 1% risk of failure)
Press: ? - help, Shift-Dir - straight line, f - killer bee
Aim: a killer bee (100% to hit)
The sticky flame hits the killer bee!
The killer bee is heavily wounded.
The killer bee is covered in liquid flames!
* * * LOW HITPOINT WARNING * * *
The killer bee burns!
The killer bee stings you but does no damage.
The killer bee stings you!
* * * LOW HITPOINT WARNING * * *
The killer bee burns!
The killer bee stings you but does no damage.
You feel protected.
The killer bee burns!
You kill the killer bee!
Makhleb accepts your kill.
Gastronok is buffeted by a sudden breeze.
Gastronok waves his eye-stalks in wide circles.
The air twists around and strikes you!!
Ouch! That really hurt!
You die...

#...#
#...#
#...#
#...######
#...#.....
#...######
#...#
#...#
#.@.#
######.†.#
.....#...#
######.(.#
#...#
#...#
#..w#
....†
..####.


You could see Gastronok (swift).

Vanquished Creatures
  A water moccasin (D:7)
  Duvessa (D:7)
  An ice beast (D:5)
  An orc warrior (D:6)
  A sky beast (D:6)
  A hornet zombie (D:7)
  3 black bears
  2 necrophages (D:5)
  2 centaurs
  Blork the orc (D:6)
  A wyvern skeleton (D:6)
  Dowan (D:7)
  2 water moccasin skeletons
  3 killer bees (D:8)
  2 howler monkeys
  A centaur zombie (D:5)
  5 hounds
  An orc priest (D:4)
  2 iguanas
  Jessica (D:2)
  2 bullfrog skeletons
  Natasha (twice) (D:2)
  2 orc wizards (D:5)
  6 gnolls
  12 adders
  2 ufetubi
  An adder skeleton (D:4)
  3 worms
  A dart slug (D:3)
  16 orcs
  7 bats
  16 endoplasms
  4 giant cockroaches
  6 goblins
  7 hobgoblins
  6 jackals
  9 kobolds
  3 quokkas
  9 ball pythons
  3 frilled lizards
  2 rats
152 creatures vanquished.

Vanquished Creatures (collateral kills)
  A foxfire (D:4)
1 creature vanquished.

Vanquished Creatures (others)
  874 foxfires
  A fungus (D:8)
  2 plants (D:8)
877 creatures vanquished.

Grand Total: 1030 creatures vanquished

Notes
Turn   | Place    | Note
-------+----------+-------------------------------------------
     0 | D:1      | robertstho the Djinni Fire Elementalist began the quest for
                  | the Orb.
     0 | D:1      | Reached XP level 1. HP: 15/15 MP: 0/0
    41 | D:1      | Reached XP level 2. HP: 7/21 MP: 0/0
   601 | D:1      | Reached skill level 3 in Spellcasting
   782 | D:1      | Reached XP level 3. HP: 22/26 MP: 0/0
   782 | D:1      | Learned a level 1 spell: Summon Small Mammal
  1718 | D:2      | Reached XP level 4. HP: 31/31 MP: 0/0
  1997 | D:2      | Noticed Natasha
  2004 | D:2      | Killed Natasha
  2326 | D:2      | You are sucked into a shaft and drop 1 floor!
  2331 | D:3      | Reached skill level 1 in Fighting
  2430 | D:3      | Reached XP level 5. HP: 29/37 MP: 0/0
  2430 | D:3      | Learned a level 2 spell: Ensorcelled Hibernation
  2432 | D:3      | Reached skill level 4 in Spellcasting
  2557 | D:3      | Found an ornate altar of the Wu Jian Council.
  2557 | D:3      | Found a snail-covered altar of Cheibriados.
  2758 | D:3      | Found a glowing golden altar of the Shining One.
  3498 | D:4      | Reached XP level 6. HP: 37/42 MP: 0/0
  3822 | D:4      | Reached skill level 5 in Spellcasting
  4164 | D:4      | Found a staircase to the Ecumenical Temple.
  4182 | Temple   | Entered the Ecumenical Temple
  4340 | Temple   | Became a worshipper of Makhleb the Destroyer
  4644 | D:2      | Reached XP level 7. HP: 45/48 MP: 0/0
  4644 | D:2      | Learned a level 2 spell: Blink
  4814 | D:2      | Noticed Natasha
  4821 | D:2      | Killed Natasha
  5066 | D:2      | Noticed Jessica
  5070 | D:2      | Killed Jessica
  5390 | D:5      | Entered Level 5 of the Dungeon
  5608 | D:5      | Reached skill level 1 in Invocations
  5659 | D:5      | Reached skill level 6 in Spellcasting
  5717 | D:5      | Reached XP level 8. HP: 49/55 MP: 0/0
  6076 | D:5      | Reached * piety under Makhleb
  6416 | D:5      | Reached skill level 7 in Spellcasting
  6918 | D:6      | Reached XP level 9. HP: 53/61 MP: 0/0
  6918 | D:6      | Learned a level 4 spell: Leda's Liquefaction
  7013 | D:6      | Noticed Blork the orc
  7020 | D:6      | Killed Blork the orc
  7791 | D:7      | Reached skill level 8 in Spellcasting
  8206 | D:7      | Noticed Dowan
  8210 | D:7      | Noticed Duvessa
  8211 | D:7      | Killed Dowan
  8219 | D:7      | Killed Duvessa
  8985 | D:8      | Noticed Harold
  9024 | D:8      | Noticed Gastronok
  9033 | D:8      | Killed from afar by Gastronok

Illustrated notes

Levels and vault maps discovered:
D:1:      psy_arrival_basics, layout_rooms
D:2:      layout_rooms, kennysheep_cross_bottleneck, minmay_snake_closets,
          uniq_natasha, uniq_jessica
D:3:      layout_rooms, amcnicky_altar_gilded, jmf_multi_god_temple,
          minmay_strange_pillars, amcnicky_mini_rare_corridor_liquid,
          corexii_item_surrounded_by_moat
D:4:      layout_cave_pools, minmay_temple_entry_gardened_gates
D:5:      layout_loops_ring, chequers_arboretum
D:6:      layout_rooms, kennysheep_pointless_box, lightli_minifort,
          uniq_blork_the_orc
D:7:      layout_gridville, uniq_duvessa
D:8:      due_chaos_kobolds, layout_loops_ring, grunt_lair_entry_orc_guard_hut,
          serial_co_window_serial, co_window_paths_b, co_window_paths_a,
          co_window_corner_a, co_window_paths_a, co_window_paths_b,
          co_window_broadway_c, co_window_broadway_c, co_window_unsneaky_path_c,
          co_window_2corner, co_window_paths_d, uniq_gastronok, uniq_erica,
          uniq_harold, uniq_psyche, uniq_maurice
Temple:   nicolae_temple_figure_eight

Skill      XL: |  1  2  3  4  5  6  7  8  9 |
---------------+----------------------------+-----
Spellcasting   | 3 4 5 6 7 8 |  8.7
Fighting       | 1 2 3 |  3.7
Stealth        | 2 |  2.7
Invocations    | 1 2 3 |  3.1
Dodging        | |  2.7

Action                   |  1- 3 |  4- 6 |  7- 9 || total
-------------------------+-------+-------+-------++-------
Melee: Short sword       |       |       |     1 ||     1
 Cast: Foxfire           |   104 |   182 |   239 ||   525
       Sticky Flame      |       |       |    12 ||    12
       Fireball          |       |       |     2 ||     2
  Use: Potion            |       |       |     1 ||     1
Armor: Robe              |     1 |     4 |     9 ||    14
Dodge: Dodged            |     2 |     8 |    28 ||    38

Table legend: (Time is in decaauts)
 A = Elapsed time spent in this place.
 B = Non-inter-level travel time spent in this place.
 C = Inter-level travel time spent in this place.
 D = Time resting spent in this place.
 E = Time spent auto-exploring this place.
 F = Levels seen in this place.
 G = Mean time per level.
                   A        B        C        D        E       F      G
               +--------+--------+--------+--------+--------+-----+--------+
         Total |   9031 |   8786 |    245 |      0 |   7803 |   9 | 1003.4 |
       Dungeon |   8854 |   8627 |    227 |      0 |   7653 |   8 | 1106.8 |
        Temple |    176 |    158 |     18 |      0 |    150 |   1 |  176.0 |
               +--------+--------+--------+--------+--------+-----+--------+

Top non-repeatable levels by time:
     D:2: 1909 daAuts
     D:5: 1337 daAuts
     D:1: 1233 daAuts
     D:7: 1170 daAuts
     D:4: 1137 daAuts
     D:6: 1038 daAuts
     D:3: 932 daAuts
  Temple: 176 daAuts
     D:8: 94 daAuts
